 Dungeon Crawl Stone Soup version 0.29.0-11-gd7f09526c8 (webtiles) character file.

Game seed: 500987050042722955

144 SkeletonJelly the Chopper (level 5, 0/48 HPs)
             Began as a Minotaur Fighter on Sept 4, 2022.
             Slain by an orc
             ... wielding a +0 flail
              (2 damage)
             ... on level 4 of the Dungeon.
             The game lasted 00:03:14 (2341 turns).

SkeletonJelly the Chopper (Minotaur Fighter)        Turns: 2341, Time: 00:03:15

Health: 0/48       AC:  8    Str: 21 (22) XL:     5   Next: 5%
Magic:  4/4        EV:  9    Int:  4 (5)  God:
Gold:   202        SH:  4    Dex:  7 (10) Spells: 4/4 levels left

rFire   . . .      SeeInvis .   a - +0 war axe
rCold   . . .      Faith    .   c - +0 buckler
rNeg    . . .      Spirit   .   b - +0 scale mail
rPois   .          Reflect  .   (helmet restricted)
rElec   .          Harm     .   (no cloak)
rCorr   .          Rampage  .   (no gloves)
Will    .....                   l - +0 pair of boots
Stlth   ..........              (no amulet)
HPRegen 0.16/turn               (no ring)
MPRegen 0.09/turn               (no ring)

@: invisible
A: horns 2, retaliatory headbutt
a: no special abilities


You were on level 4 of the Dungeon.
You visited 1 branch of the dungeon, and saw 4 of its levels.

You collected 202 gold pieces.

Inventory:

Hand Weapons
 a - a +0 war axe (weapon)
Missiles
 u - 6 poisoned darts (quivered)
Armour
 b - a +0 scale mail (worn)
 c - a +0 buckler (worn)
 l - a +0 pair of boots (worn)
Jewellery
 p - an amulet of faith
Scrolls
 e - a scroll of silence {unknown}
 g - 3 scrolls of amnesia {unknown}
 j - a scroll of identify {unknown}
 k - 4 scrolls of vulnerability {unknown}
 n - a scroll of noise {unknown}
 q - a scroll of immolation {unknown}
 s - a scroll of fog {unknown}
 t - a scroll of magic mapping {unknown}
Potions
 d - 2 potions of might
 i - a potion of haste {unknown}
 m - a potion of lignification {unknown}
 o - a potion of resistance {unknown}
 r - a potion of curing {unknown}


   Skills:
 + Level 5.0 Fighting
 * Level 5.4 Axes
 - Level 3.6 Armour
 - Level 3.6 Shields


You had 4 spell levels left.
You didn't know any spells.
Your spell library was empty.

Dungeon Overview and Level Annotations

Branches:
Dungeon (4/15)
 Temple: D:4-7

Altars:


Innate Abilities, Weirdness & Mutations

You have a pair of horns on your head.
You reflexively headbutt those who attack you in melee.


Message History

You kill the iguana!
Your Axes skill increases to level 5!
The dart slug bites you.
You take 1 damage, and have 40/41 hp.
You slash the dart slug! You headbutt the dart slug.
You kill the dart slug!
Health restored: 41 No target in view!
No target in view!
No target in view!
You see here a dart slug corpse.
You open the door.
An endoplasm comes into view.
The endoplasm quivers.
There is an open door here.
An endoplasm is nearby!
An endoplasm is nearby!
An endoplasm is nearby!
The endoplasm freezes you.
You are frozen.
You take 5 damage, and have 36/41 hp.
You barely miss the endoplasm. The endoplasm freezes you.
You are frozen.
You take 1 damage, and have 35/41 hp.
You hit the endoplasm.
You kill the endoplasm!
No target in view!
No target in view!
No target in view!
HP restored.
Found a stone staircase leading down.
Health restored: 41
Found an escape hatch in the floor.
An endoplasm comes into view.
The endoplasm quivers.
No target in view!
No target in view!
No target in view!
No target in view!
No target in view!
No target in view!
You slash the endoplasm!
You kill the endoplasm!
No target in view!
No target in view!
No target in view!
No target in view!
An orc priest comes into view. It is wielding a +0 club.
An orc priest is nearby!
An orc priest is nearby!
An orc priest is nearby!
An orc priest is nearby!
An orc and an orc priest come into view.
The orc shouts!
The orc priest shouts!
The orc priest invokes the aid of Beogh against you.
Pain shoots through your body!
You take 6 damage, and have 35/41 hp.
You hit the orc priest but do no damage.
The orc priest hits you but does no damage.
A giant cockroach comes into view.
You hit the orc priest.
The orc priest is lightly wounded.
The orc priest invokes the aid of Beogh against you.
Beogh smites you!
You take 9 damage, and have 26/41 hp.
MASSIVE DAMAGE!!
You closely miss the orc priest.
The orc priest is lightly wounded.
The orc priest hits you but does no damage.
The orc priest mumbles some strange prayers to Beogh against you.
Beogh smites you!
* * * LOW HITPOINT WARNING * * *
The orc priest closely misses you. The orc hits you with a +0 flail.
* * * LOW HITPOINT WARNING * * *
You take 22 damage, and have 4/41 hp.
MASSIVE DAMAGE!!
You are too injured to fight recklessly!
You are too injured to fight recklessly!
You are too injured to fight recklessly!
You are too injured to fight recklessly!
You are too injured to fight recklessly!
You are too injured to fight recklessly!
You slash the orc priest!
You kill the orc priest!
You hit the orc.
The orc priest begins to cast a cantrip, but forgets the words!
The orc hits you with a +0 flail.
* * * LOW HITPOINT WARNING * * *
Your Fighting skill increases to level 5!
You have reached level 5!
You take 2 damage, and have 2/48 hp.
MP restored: 4 It was a potion of degeneration.
There was something very wrong with that liquid.
You feel weakened.
You feel dopey.
You feel clumsy. You block the orc's attack.
It was a potion of invisibility.
You fade into invisibility!
The orc priest misses you. You furiously retaliate!
You headbutt the orc priest! The orc hits you with a +0 flail.
You die...

. ###.#.♣.♣.♣.#
.##...#.......# #.
......######### ##..
...........##.# ....
..######..###.## ...
..## ##.##...## ..# ...#
###....#..##..##..
...####....####..?......
.#........## ##@o...##
...........# ##o..##
...........# B...#
#....>##.....# #......
##....###...... ......
.....## ##..... .#....
.....# #.... .....
##...# ..#. . #..


You could see an orc priest (unable to see you), an orc (unable to see you) and
a giant cockroach (unable to see you).

Vanquished Creatures
  An orc priest (D:4)
  An iguana (D:4)
  2 adders (D:3)
  A worm (D:2)
  4 dart slugs
  An orc (D:3)
  5 ball pythons
  6 endoplasms
  3 giant cockroaches
  6 goblins
  7 hobgoblins
  2 jackals (D:2)
  A quokka (D:3)
  3 bats
  2 frilled lizards (D:1)
  8 kobolds
  7 rats
60 creatures vanquished.

Notes
Turn   | Place    | Note
-------+----------+-------------------------------------------
     0 | D:1      | SkeletonJelly the Minotaur Fighter began the quest for the
                  | Orb.
     0 | D:1      | Reached XP level 1. HP: 19/19 MP: 0/0
    83 | D:1      | Found a faded altar of an unknown god.
   146 | D:1      | Reached XP level 2. HP: 27/27 MP: 1/1
   970 | D:2      | Reached XP level 3. HP: 29/33 MP: 2/2
  1922 | D:3      | Identified the +2 dagger "Ebbyxia" {antimagic, rF+ Dex+4
                  | SInv}
  1984 | D:3      | Reached XP level 4. HP: 38/41 MP: 3/3
  2247 | D:4      | Reached skill level 5 in Axes
  2339 | D:4      | HP: 2/41 [orc/+0 flail (3)]
  2340 | D:4      | Reached skill level 5 in Fighting
  2340 | D:4      | Reached XP level 5. HP: 2/48 MP: 4/4
  2341 | D:4      | Slain by an orc

Illustrated notes

Levels and vault maps discovered:
D:1:      wander_arrival_fairy_ring, layout_basic,
          hellmonk_ecumenical_altar_zigzags
D:2:      layout_rooms, hex_large
D:3:      layout_basic, kennysheep_generic_room_5
D:4:      layout_layer_cave, mainiacjoe_overflow_six_doors_small,
          minmay_temple_entry_arrows, nicolae_eternal_life, grunt_ministairs_3,
          uniq_edmund

Skill      XL: |  1  2  3  4 |
---------------+-------------+-----
Axes           | 3 4 5 |  5.4
Fighting       | 4 5 |  5.0
Armour         | |  3.6
Shields        | |  3.6

Action                   |  1- 3 |  4- 6 || total
-------------------------+-------+-------++-------
Melee: War axe           |    86 |    19 ||   105
       Headbutt          |     6 |     2 ||     8
  Use: Potion            |       |     2 ||     2
Armor: Scale mail        |    30 |     7 ||    37
Dodge: Dodged            |    36 |     8 ||    44
Block: Buckler           |    11 |     5 ||    16
